 Dungeon Crawl Stone Soup version 0.20-a0-1034-gb277f92 (webtiles) character file.

83 HankScorpio the Firebug (level 4, 0/24 HPs)
             Began as a Deep Elf Fire Elementalist on Apr 21, 2017.
             Killed from afar by Sigmund (6 damage)
             ... with a magic dart
             ... on level 2 of the Dungeon.
             The game lasted 00:04:16 (1883 turns).

HankScorpio the Firebug (DEFE)                      Turns: 1883, Time: 00:04:17

Health: 0/24       AC:  2    Str:  5    XL:     4   Next: 22%
Magic:  3/11       EV: 13    Int: 21    God:
Gold:   77         SH:  0    Dex: 15    Spells: 4/10 levels left

rFire    . . .     SeeInvis .   j - +0 halberd
rCold    . . .     Gourm    .   (shield currently unavailable)
rNeg     . . .     Faith    .   a - +0 robe
rPois    .         Spirit   .   (no helmet)
rElec    .         Reflect  .   (no cloak)
rCorr    .         Harm     .   (no gloves)
MR       .....                  (no boots)
Stlth    ++........             (no amulet)
Regen    0.1/turn               (no ring)
MPRegen  0.2/turn               (no ring)

@: no status effects
A: no striking features
a: no special abilities


You were on level 2 of the Dungeon.
You were hungry.

You visited 1 branch of the dungeon, and saw 3 of its levels.

You collected 77 gold pieces.

Inventory:

Hand Weapons
 j - a +0 halberd (weapon)
Armour
 a - a +0 robe (worn)
Scrolls
 d - a scroll of random uselessness {unknown}
 e - 2 scrolls of teleportation {unknown}
 f - 2 scrolls of magic mapping {unknown}
Potions
 h - a potion of degeneration {unknown}
Books
 b - a book of Flames

   Spells                             Type                      Level
   a - Flame Tongue                   Conjuration/Fire             1
   b - Throw Flame                    Conjuration/Fire             2
   c - Conjure Flame                  Conjuration/Fire             3
   d - Inner Flame                    Hexes/Fire                   3
   e - Sticky Flame                   Conjuration/Fire             4
   f - Fireball                       Conjuration/Fire             5
Comestibles
 c - 4 bread rations
 g - 3 meat rations


   Skills:
 - Level 2.4 Dodging
 - Level 2.4 Stealth
 + Level 3.6 Spellcasting
 * Level 3.4 Conjurations
 * Level 4.1 Fire Magic


You had 4 spell levels left.
You knew the following spells:

 Your Spells              Type           Power        Failure   Level  Hunger
a - Flame Tongue          Conj/Fire      ###..        2%          1    None
b - Throw Flame           Conj/Fire      ###...       4%          2    ##.....
c - Conjure Flame         Conj/Fire      ###.....     8%          3    ###....


Dungeon Overview and Level Annotations

Branches:
Dungeon (3/15)

Altars:
Vehumet

Annotations:
D:2 Sigmund


Message History

Aim: an adder (almost dead)
The flame tongue hits the adder.
You kill the adder!
You feel sick.
You feel sick.
You start resting.
You feel sick.
Casting: Flame Tongue
Confirm with . or Enter, or press ? or * to list all spells.
You don't have enough magic to cast that spell.
You feel sick.
You are no longer poisoned.
Sigmund gestures at you while chanting. The puff of flame misses you.
Casting: Flame Tongue
Confirm with . or Enter, or press ? or * to list all spells.
You don't have enough magic to cast that spell.
Sigmund points at you and mumbles some strange words.
The magic dart hits you!
You die...

.# #.# #.# #.# ##### #.#
#########...###.##
#.#####....K@...@.......
.........#######......#.
#..........†..##..##....
#.#####..####.##..##..#.
#.# #.............# #.#
##(##...#.......
#.######.##...##.....#
#........##...##.#..#.
#.#####..##...# . #.w


You could see Sigmund and a kobold.

Vanquished Creatures
  A gnoll (D:3)
  2 adders (D:2)
  2 oozes
  2 dart slugs
  2 orcs (D:3)
  2 giant cockroaches (D:2)
  4 goblins (D:1)
  4 hobgoblins
  A quokka (D:3)
  6 bats
  6 frilled lizards
  7 kobolds
  4 rats
43 creatures vanquished.

Notes
Turn   | Place    | Note
-------+----------+-------------------------------------------
     0 | D:1      | HankScorpio the Deep Elf Fire Elementalist began the quest for the Orb.
     0 | D:1      | Reached XP level 1. HP: 10/10 MP: 6/6
    89 | D:1      | Reached XP level 2. HP: 15/15 MP: 4/8
   872 | D:1      | Reached XP level 3. HP: 19/19 MP: 6/9
  1020 | D:2      | Found a radiant altar of Vehumet.
  1021 | D:2      | Noticed Sigmund
  1029 | D:2      | Learned a level 3 spell: Conjure Flame
  1032 | D:2      | Learned a level 2 spell: Throw Flame
  1666 | D:3      | Reached skill level 4 in Fire Magic
  1809 | D:2      | Reached XP level 4. HP: 24/24 MP: 9/11
  1883 | D:2      | Killed from afar by Sigmund

Vault maps used:
D:1:      lightli_arrival_noodles, grunt_decor_one_mirror
D:2:      xom_redecorated, old_standard_altar, first_bread,
          hangedman_decor_opposing, uniq_sigmund
D:3:      st_stairs_5

Skill      XL: |  1  2  3 |
---------------+----------+-----
Conjurations   | 2 3 |  3.4
Fire Magic     | 4 |  4.1
Dodging        | |  2.4
Stealth        | |  2.4
Spellcasting   | |  3.6

Action                   |  1- 3 |  4- 6 || total
-------------------------+-------+-------++-------
Melee: Unarmed           |     4 |       ||     4
       Halberd           |       |     1 ||     1
 Cast: Flame Tongue      |    58 |    10 ||    68
       Throw Flame       |    12 |       ||    12
       Conjure Flame     |     2 |     2 ||     4
  Eat: Chunk             |     3 |       ||     3
Armor: Robe              |     3 |     3 ||     6
Dodge: Dodged            |    21 |     7 ||    28
